 Dungeon Crawl Stone Soup version 0.19-a0-970-g9a4211b (webtiles) character file.

459 Herrn the Chopper (level 7, -5/60 HPs)
             Began as a Naga Wizard on July 13, 2016.
             Slain by an orc
             ... wielding a +0 mace
              (6 damage)
             ... on level 3 of the Dungeon.
             The game lasted 00:12:36 (2673 turns).

Herrn the Chopper (Naga Wizard)                     Turns: 2673, Time: 00:12:37

Health: -5/60      AC:  3    Str:  8 (9)  XL:     7   Next: 6%
Magic:  1/11       EV: 11    Int: 24 (26) God:
Gold:   195        SH:  0    Dex:  8 (9)  Spells: 1 memorised, 11 levels left

rFire  + . .     SeeInvis +     p - +0 hand axe (curse)
rCold  x . .     Gourm    .     a - +0 robe
rNeg   . . .     Faith    .     (no shield)
rPois  +         Spirit   .     b - +0 hat
rElec  .         Dismiss  .     (no cloak)
rCorr  .         Reflect  .     (no gloves)
SustAt .         Harm     .     (no barding)
MR     .....                    (no amulet)
Stlth  ++........               (no ring)
                                k - ring of fire

@: brilliant, short of breath, very slow, not resistant to hostile enchantments,
unstealthy
A: see invisible, deformed body, poison resistance, slowness 2, slow metabolism
1, spit poison 2, AC +2
a: Spit Poison


You were on level 3 of the Dungeon.
You were hungry.

You visited 1 branch of the dungeon, and saw 3 of its levels.

You collected 195 gold pieces.

Inventory:

Hand Weapons
 l - a +0 flail
 p - a cursed +0 hand axe (weapon)
Armour
 a - a +0 robe (worn)
 b - a +0 hat (worn)
Jewellery
 k - a ring of fire (left hand)
Wands
 y - a wand of random effects (25/48)
Scrolls
 e - 2 scrolls of enchant armour {unknown}
 f - 3 scrolls of identify {unknown}
 h - 2 scrolls of teleportation {unknown}
 j - 2 scrolls of enchant weapon {unknown}
 o - a scroll of blinking {unknown}
 s - a scroll of immolation {unknown}
 t - a scroll of magic mapping {unknown}
 v - a scroll of recharging {unknown}
 w - 2 scrolls of remove curse {unknown}
Potions
 q - a potion of agility {unknown}
 z - a potion of flight {unknown}
Books
 c - a book of Minor Magic

   Spells                             Type                      Level
   a - Magic Dart                     Conjuration                  1
   b - Blink                          Translocation                2
   c - Call Imp                       Summoning                    2
   d - Repel Missiles                 Charms/Air                   2
   e - Slow                           Hexes                        2
   f - Conjure Flame                  Conjuration/Fire             3
   g - Mephitic Cloud                 Conjuration/Poison/Air       3
 r - a book of Frost

   Spells                             Type                      Level
   a - Freeze                         Ice                          1
   b - Throw Frost                    Conjuration/Ice              2
   c - Ozocubu's Armour               Charms/Ice                   3
   d - Throw Icicle                   Conjuration/Ice              4
   e - Summon Ice Beast               Ice/Summoning                4
Comestibles
 d - 2 bread rations
 i - 5 meat rations
 n - a slice of pizza
 u - a chunk of flesh


   Skills:
 - Level 2.0 Fighting
 * Level 4.4 Axes
 + Level 4.2 Dodging
 - Level 3.0 Stealth
 - Level 3.0 Spellcasting
 - Level 1.0 Conjurations
   Level 1.0 Summonings
   Level 1.0 Translocations


You had 11 spell levels left.
You knew the following spells:

 Your Spells              Type           Power        Failure   Level  Hunger
a - Magic Dart            Conj           ###.         1%          1    None


Dungeon Overview and Level Annotations

Branches:
Dungeon (3/15)

Altars:
Ru


Innate Abilities, Weirdness & Mutations

You cannot wear boots.
Your serpentine skin is tough. (AC +2)
You have supernaturally acute eyesight. (SInv)
Armour fits poorly on your strangely shaped body.
Your system is resistant to poisons. (rPois)
You cover ground very slowly.
You have a slow metabolism.
You can spit poison.


Message History

Casting: Magic Dart
Confirm with . or Enter, or press ? or * to list all spells.
Aiming: Magic Dart
Press: ? - help, Shift-Dir - straight line, f/p - orc
Aim: an orc, wielding a mace and wearing a scale mail (moderately wounded)
The magic dart hits the orc.
The orc is moderately wounded.
The orc barely misses you.
Unknown command.
Unknown command.
It was a potion of degeneration.
There was something very wrong with that liquid.
You feel weakened.
You feel dopey.
You feel clumsy. The orc hits you with a mace.
* * * LOW HITPOINT WARNING * * *
Unknown command.
It was a potion of brilliance.
You feel clever all of a sudden. The orc hits you with a mace.
You die...

#######.###.#####...#
#.....#.###.# #...#
#.###.#.....# #...#
#...#.####..#####...#
###.#....#..........#
#.####.#..........#
#....#............#
##...####..........
#@o..).).........#
#..)####.........#
##### #.#.....###
#o#.....# #(#.....#
#####o#.....#
#...oo..#####
#.....#.#
####..).)..#


You could see an orc.

Vanquished Creatures
  Sigmund (D:2)
  3 orc wizards (D:3)
  Natasha (thrice) (D:2)
  A gnoll (D:1)
  5 adders
  A worm (D:3)
  3 dart slugs (D:2)
  A giant gecko (D:2)
  5 orcs (D:3)
  6 bats
  5 giant cockroaches
  8 goblins
  6 hobgoblins
  6 jackals (D:3)
  2 quokkas (D:3)
  3 giant newts
  14 kobolds
  5 rats
78 creatures vanquished.

Notes
Turn   | Place    | Note
-------+----------+-------------------------------------------
     0 | D:1      | Herrn the Naga Wizard began the quest for the Orb.
     0 | D:1      | Reached XP level 1. HP: 15/15 MP: 4/4
   176 | D:1      | Reached skill level 1 in Fighting
   192 | D:1      | Reached XP level 2. HP: 25/25 MP: 6/6
   484 | D:1      | Reached XP level 3. HP: 32/32 MP: 7/7
   744 | D:2      | Noticed Sigmund
   778 | D:2      | Killed Sigmund
   778 | D:2      | Reached XP level 4. HP: 27/39 MP: 5/8
   778 | D:2      | Reached XP level 5. HP: 32/45 MP: 5/9
  1166 | D:2      | Found a sacrificial altar of Ru.
  1287 | D:2      | Noticed Natasha
  1303 | D:2      | Killed Natasha
  1407 | D:2      | Reached XP level 6. HP: 52/52 MP: 7/10
  1789 | D:2      | Noticed Natasha
  1801 | D:2      | Killed Natasha
  1820 | D:2      | Noticed Natasha
  1829 | D:2      | Killed Natasha
  2647 | D:3      | Reached XP level 7. HP: 31/60 MP: 8/11
  2672 | D:3      | HP: 1/60 [orc/mace (5)]
  2673 | D:3      | Slain by an orc

Vault maps used:
D:1:      dpeg_arrival_oval
D:2:      nicolae_ru_awakened_eye, uniq_sigmund, uniq_natasha

Skill      XL: |  1  2  3  4  5  6 |
---------------+-------------------+-----
Fighting       | 1 2 |  2.0
Dodging        | 2 3 4 |  4.2
Axes           | 3 4 |  4.4
Stealth        | |  3.0
Spellcasting   | |  3.0
Conjurations   | |  1.0
Summonings     | |  1.0
Translocations | |  1.0

Action                   |  1- 3 |  4- 6 |  7- 9 || total
-------------------------+-------+-------+-------++-------
Melee: Hand axe          |       |    31 |     4 ||    35
 Cast: Magic Dart        |    16 |   116 |    11 ||   143
 Abil: Spit Poison       |    20 |    72 |     5 ||    97
  Use: Potion            |       |     1 |     4 ||     5
  Eat: Chunk             |       |     9 |       ||     9
Armor: Robe              |     3 |    45 |     1 ||    49
Dodge: Dodged            |    10 |    57 |     8 ||    75
